 Dungeon Crawl Stone Soup version 0.29.1-13-g9f3cf754e1 (webtiles) character file.

Game seed: 4280374558092913097

270 JobberKid the Sneak (level 6, -5/50 HPs)
             Began as a Draconian Brigand on Jan 19, 2023.
             Slain by an ogre
             ... wielding a +0 giant club
              (14 damage)
             ... while paralysed by Grinder
             ... on level 5 of the Dungeon.
             The game lasted 00:11:30 (2590 turns).

JobberKid the Sneak (Draconian Brigand)             Turns: 2590, Time: 00:11:31

Health: -5/50      AC:  8    Str: 14    XL:     6   Next: 1%
Magic:  8/8        EV:  2    Int: 13    God:
Gold:   108        SH:  0    Dex: 14    Spells: 7/7 levels left

rFire   x . .      SeeInvis +   j - +10 rapier of Qabraipai {flame, rF- rN+++ Dex+2 SInv}
rCold   + . .      Faith    .   (no shield)
rNeg    + + +      Spirit   .   (body armour unavailable)
rPois   .          Reflect  .   (helmet restricted)
rElec   .          Harm     .   b - +1 cloak
rCorr   .          Rampage  .   (no gloves)
Will    .....                   (no boots)
Stlth   +++.......              (no amulet)
HPRegen 0.16/turn               (no ring)
MPRegen 0.11/turn               (no ring)

@: paralysed, mighty, weak-willed
A: AC +6, unfitting armour, cold-blooded, large bone plates 1, cold resistance 1
a: no special abilities


You were on level 5 of the Dungeon.
You visited 1 branch of the dungeon, and saw 5 of its levels.

You collected 108 gold pieces.

Inventory:

Hand Weapons
 j - the +10 rapier of Qabraipai (weapon) {flame, rF- rN+++ Dex+2 SInv}
   (You found it on level 5 of the Dungeon)

   It burns those it strikes, dealing additional fire damage.
   Dex:       It affects your dexterity (+2).
   rF:        It makes you vulnerable to fire.
   rN:        It renders you almost immune to negative energy.
   SInv:      It lets you see invisible.
Missiles
 d - 9 curare-tipped darts (quivered)
 g - 6 javelins
Armour
 b - a +1 cloak (worn)
Wands
 h - a wand of digging (4)
 k - a wand of iceblast (3)
Potions
 f - a potion of brilliance
 i - a potion of berserk rage {unknown}


   Skills:
 * Level 2.8 Fighting
 * Level 3.0 Short Blades
 * Level 2.8 Throwing
 * Level 2.0 Dodging
 * Level 4.9 Stealth
 * Level 1.3 Spellcasting
 * Level 1.0 Evocations


You had 7 spell levels left.
You didn't know any spells.
Your spell library was empty.

Dungeon Overview and Level Annotations

Branches:
Dungeon (5/15)             Temple (0/1) D:5

Altars:
Kikubaaqudgha
Okawaru
Trog

Annotations:
D:5 Grinder, Sigmund


Innate Abilities, Weirdness & Mutations

Your plain brown scales are hard. (AC +6)
You cannot fit into any form of body armour.
You are cold-blooded and may be slowed by cold attacks.
You are partially covered in large bone plates. (SH +4)
Your flesh is cold resistant. (rC+)


Message History

You have reached level 6!
Your scales feel tougher.
c - 3 poisoned darts (gained 1)
Things that are here:
a +0 club; a +0 leather armour; a gnoll corpse
k - a wand of iceblast (3)
Things that are here:
a +0 club; a gnoll corpse
c - 5 poisoned darts (gained 2)
You drop a +4 dagger.
You drop 5 poisoned darts.
Grinder comes into view.
She is carrying a wand of polymorph (2).
Grinder shouts!
Grinder attacks as you move away! Grinder hits you.
An ogre comes into view. It is wielding a +0 giant club.
Grinder gestures at you.
You are unaffected.
An orc priest comes into view. It is wielding a +0 falchion.
Found a stone staircase leading down.
Grinder gestures at you.
You suddenly lose the ability to move!
Grinder zaps a wand.
You resist with some effort.
You can move again.
As you read the scroll labelled YNACUW MAMAOM, it crumbles to dust.
The orc priest shouts!
Magic quickly surges around you.
It was a scroll of vulnerability.
An orc comes into view. It is wielding a +0 mace.
The ogre hits you with a +0 giant club!!
Ouch! That really hurt!
Grinder gestures at you.
You shrug off the repeated paralysis!
It was a potion of might.
You feel very mighty all of a sudden.
A scorpion comes into view.
Grinder gestures at you.
You suddenly lose the ability to move!
The ogre completely misses you. Grinder hits you!
* * * LOW HITPOINT WARNING * * *
Grinder hits you but does no damage. The ogre hits you with a +0 giant club!
You die...

####************* ********
#..,,,,,,,,,,,,,* *,,,,,,*
#.#############,* *,,,,,,*
#.........(..)#,* ***,,,,,,*
#..##########)#,* ,,,,,,,,,*
#5.#........).#,* ,,,,**,,,*
#@.#......#####,* ,,,,**,,,*
#O.#..###.# *,* ,,,,**,,,*
#..#....#.# *,* ,,,,**,,,***
#o.#....#.# *,* ,,,,**,,,,,*
#..#....#.# *,* ,,,,**,,,,,*
#..#....#.# *,*
*,,,**,,,,,****#..#....#.# *,*
,,,,,,,,,,,,,,,.>.#...<..# *,*
,,,,****,,,,,,,,*,########****,*


You could see Grinder (weak-willed), an ogre (weak-willed) and an orc priest
(weak-willed).

Vanquished Creatures
  A gnoll bouda (D:5)
  3 adders
  2 gnolls (D:5)
  2 worms
  4 dart slugs
  2 orcs (D:3)
  4 ball pythons
  3 endoplasms
  A giant cockroach (D:4)
  2 goblins
  4 jackals (D:3)
  7 kobolds
  A quokka (D:3)
  8 rats
44 creatures vanquished.

Vanquished Creatures (collateral kills)
  The ghost of mampy3000 the Slasher, an amateur MiBe of Trog (D:4)
1 creature vanquished.

Grand Total: 45 creatures vanquished

Notes
Turn   | Place    | Note
-------+----------+-------------------------------------------
     0 | D:1      | JobberKid the Draconian Brigand began the quest for the
                  | Orb.
     0 | D:1      | Reached XP level 1. HP: 17/17 MP: 1/1
   248 | D:1      | Reached skill level 1 in Dodging
   248 | D:1      | Reached XP level 2. HP: 23/24 MP: 2/2
   320 | D:2      | Reached skill level 4 in Stealth
  1002 | D:2      | Reached XP level 3. HP: 30/30 MP: 3/3
  1317 | D:3      | Found an iron altar of Okawaru.
  1434 | D:3      | Identified the ring of Jealousy {*Corrode rC++ Will+ Dex+3}
  1469 | D:3      | Found a bloodstained altar of Trog.
  1508 | D:3      | Found an ancient bone altar of Kikubaaqudgha.
  1768 | D:3      | Reached XP level 4. HP: 37/37 MP: 3/5
  2073 | D:4      | Found a runed translucent door.
  2076 | D:4      | Noticed mampy3000's ghost (amateur MiBe)
  2175 | D:4      | Gained mutation: Your flesh is cold resistant. (rC+)
                  | [potion of mutation]
  2175 | D:4      | Gained mutation: You are partially covered in large bone
                  | plates. (SH +4) [potion of mutation]
  2175 | D:4      | Killed mampy3000's ghost
  2176 | D:4      | Reached skill level 1 in Spellcasting
  2176 | D:4      | Reached skill level 1 in Evocations
  2176 | D:4      | Reached XP level 5. HP: 16/42 MP: 6/6
  2236 | D:5      | Entered Level 5 of the Dungeon
  2361 | D:5      | Noticed Sigmund
  2527 | D:5      | Identified the +10 rapier of Qabraipai {flame, rF- rN+++
                  | Dex+2 SInv}
  2561 | D:5      | Reached XP level 6. HP: 40/50 MP: 6/8
  2579 | D:5      | Noticed Grinder
  2584 | D:5      | Paralysed by Grinder for 3 turns
  2588 | D:5      | Paralysed by Grinder for 3 turns
  2590 | D:5      | Slain by an ogre

Illustrated notes

Levels and vault maps discovered:
D:1:      scummos_arrival_gate, layout_loops_corners, serial_shops,
          nicolae_shop_waterfront
D:2:      layout_basic
D:3:      cheibrodos_greedy_goblins, layout_basic, grunt_nemelex_the_gamble,
          mainiacjoe_overflow_brackets, mainiacjoe_overflow_paths,
          mainiacjoe_overflow_catch_the_wave
D:4:      layout_basic, ebering_ghost_reflecting_pool
D:5:      layout_basic, nicolae_ashenzari_skybound,
          minmay_temple_entry_offerings, uniq_grinder, uniq_sigmund,
          uniq_blork_the_orc

Skill      XL: |  1  2  3  4  5 |
---------------+----------------+-----
Dodging        | 1 2 |  2.0
Stealth        | 4 |  4.9
Throwing       | 2 |  2.8
Short Blades   | 3 |  3.0
Spellcasting   | 1 |  1.3
Evocations     | 1 |  1.0
Fighting       | |  2.8

Action                   |  1- 3 |  4- 6 || total
-------------------------+-------+-------++-------
Melee: Dagger            |    78 |    19 ||    97
       Tailslap          |     9 |     3 ||    12
       Punch             |       |     1 ||     1
       Rapier            |       |     6 ||     6
Throw: Dart              |    24 |     8 ||    32
  Use: Scroll            |     7 |     5 ||    12
       Potion            |       |     2 ||     2
 Stab: Sleeping          |     7 |     1 ||     8
Armor: Skin              |    22 |     3 ||    25
Dodge: Dodged            |    42 |    13 ||    55
Block: Other             |       |     3 ||     3
